 Dungeon Crawl Stone Soup version 0.20.0-14-g326068f (webtiles) character file.

1497 Yhamm the Basher (level 8, -1/51 HPs)
             Began as a Gargoyle Berserker on June 8, 2017.
             Was a Priest of Trog.
             Slain by a two-headed ogre
             ... wielding a cursed -1 giant club
              (15 damage)
             ... on level 6 of the Dungeon.
             The game lasted 00:20:10 (3892 turns).

Yhamm the Basher (Gargoyle Berserker)               Turns: 3892, Time: 00:20:10

Health: -1/51      AC: 21    Str: 22    XL:     8   Next: 81%
Magic:  8/8        EV:  9    Int:  7    God:    Trog [***...]
Gold:   240        SH:  0    Dex: 11    Spells: 7/7 levels left

rFire    . . .     SeeInvis .   k - +2 mace (venom)
rCold    . . .     Gourm    .   (no shield)
rNeg     + . .     Faith    .   H - +0 chain mail
rPois    ∞         Spirit   .   q - +0 helmet
rElec    +         Reflect  .   p - +0 cloak
rCorr    .         Harm     .   x - +0 pair of gloves
MR       ++...                  G - +2 pair of boots
Stlth    ..........             (no amulet)
Regen    1.2/turn               (no ring)
MPRegen  0.2/turn               (no ring)

@: berserk cooldown, regenerating, slowed, very slow
A: negative energy resistance 1, electricity resistance, unbreathing,
petrification resistance, rot immunity, AC +5
a: Berserk, Trog's Hand, Burn Spellbooks, Renounce Religion


You were on level 6 of the Dungeon.
You worshipped Trog.
Trog was most pleased with you.
You were very hungry.

You visited 1 branch of the dungeon, and saw 6 of its levels.

You collected 240 gold pieces.

Inventory:

Hand Weapons
 k - a +2 mace of venom (weapon)
Missiles
 y - 4 tomahawks (quivered)
Armour
 p - a +0 cloak (worn)
 q - a +0 helmet (worn)
 x - a +0 pair of gloves (worn)
 G - a +2 pair of boots (worn)
 H - a +0 chain mail (worn)
Jewellery
 o - an uncursed amulet of faith {unknown}
Wands
 C - a wand of acid (8/15)
 D - a wand of flame (17/48)
Scrolls
 a - a scroll of fear {unknown}
 b - a scroll of immolation {unknown}
 d - a scroll of recharging {unknown}
 e - 10 scrolls of identify {unknown}
 f - 3 scrolls of random uselessness {unknown}
 g - 6 scrolls of teleportation {unknown}
 w - a scroll of fog {unknown}
 A - a scroll of enchant armour {unknown}
 B - a scroll of blinking {unknown}
 F - a scroll of amnesia {unknown}
Potions
 h - 3 potions of curing
 i - 2 potions of mutation {unknown}
 n - a potion of lignification {unknown}
 r - 2 potions of agility
 s - a potion of heal wounds {unknown}
 t - a potion of might {unknown}
 u - a potion of flight {unknown}
 v - 2 potions of haste {unknown}
 E - a potion of magic {unknown}
Comestibles
 c - 5 bread rations
 j - a royal jelly
 m - a fruit
 z - a meat ration


   Skills:
 + Level 5.7 Fighting
 + Level 8.2 Maces & Flails
 + Level 4.7 Armour
 + Level 3.9 Dodging
 + Level 1.2 Stealth


You had 7 spell levels left.
You didn't know any spells.

Dungeon Overview and Level Annotations

Branches:
Dungeon (6/15)             Temple (0/1) D:6

Altars:
Elyvilon
Fedhas
Hepliaklqana
Ru
Sif Muna
Yredelemnul
The Shining One


Innate Abilities, Weirdness & Mutations

You are resistant to torment.
Your stone body is resilient. (AC +5)
You are immune to poison.
You resist negative energy. (rN+)
You are resistant to electric shocks. (rElec)
You can survive without breathing.
You are immune to petrification.
You are immune to rotting.


Message History

The two-headed ogre hits you with a giant club.
* * * LOW HITPOINT WARNING * * *
You thump the two-headed ogre!
The two-headed ogre looks as sick as possible!
The two-headed ogre is moderately wounded.
You barely miss the two-headed ogre.
The two-headed ogre is moderately wounded.
The two-headed ogre hits you with a giant club!
* * * LOW HITPOINT WARNING * * *
The two-headed ogre hits you but does no damage.
You feel a strong urge to attack something.
You are no longer berserk.
You pass out from exhaustion.
You feel yourself slow down.
The orc priest begins to cast a cantrip, but forgets the words!
You can move again.
It was a potion of curing.
You feel better. The two-headed ogre barely misses you.
The two-headed ogre hits you with a giant club!
You die...

###########
#>..........
#.##...##...
##.##...##.##
#...........
#........#.#
#........#.#######.
##.@...............
###O.(..#.#######.
#.#####.###### #o#
#......#
#o#.#.#....#.#
#.#..[..<....#
#o############
#.............
####.......)..


You could see a two-headed ogre, 2 orc priests and an orc.

Vanquished Creatures
  The ghost of pichaelthompson the Poker, a novice DsBe of Trog (D:4)
  Grinder (D:3)
  Sigmund (D:5)
  An ice beast (D:6)
  A phantom (D:5)
  Blork the orc (D:5)
  A howler monkey (D:3)
  A bullfrog zombie (D:5)
  Crazy Yiuf (D:2)
  A bullfrog skeleton (D:4)
  An orc priest (D:5)
  Jessica (D:3)
  An iguana (D:5)
  2 orc wizards (D:5)
  Natasha (thrice) (D:3)
  4 worker ants
  A hound skeleton (D:6)
  Robin (D:2)
  3 adders
  2 oozes (D:2)
  An adder zombie (D:5)
  3 adder skeletons (D:2)
  2 worms
  3 leopard geckos
  13 orcs
  A bat skeleton (D:2)
  2 bat zombies (D:2)
  6 giant cockroaches
  16 goblins
  9 hobgoblins
  5 jackals
  2 quokkas
  3 ball pythons
  9 bats
  3 frilled lizards
  A jackal zombie (D:2)
  3 kobolds
  2 leopard gecko skeletons (D:2)
  6 rats
  A plant (D:2)
  A withered plant (D:2)
121 creatures vanquished.

Notes
Turn   | Place    | Note
-------+----------+-------------------------------------------
     0 | D:1      | Yhamm the Gargoyle Berserker began the quest for the Orb.
     0 | D:1      | Reached XP level 1. HP: 14/14 MP: 1/1
   144 | D:1      | Reached XP level 2. HP: 12/19 MP: 2/2
   782 | D:2      | Reached XP level 3. HP: 21/23 MP: 3/3
   896 | D:2      | Reached XP level 4. HP: 22/29 MP: 4/4
   910 | D:2      | Reached ** piety under Trog
  1065 | D:2      | Found a runed door.
  1069 | D:2      | Noticed Crazy Yiuf
  1078 | D:2      | Killed Crazy Yiuf
  1078 | D:2      | Reached skill level 4 in Maces & Flails
  1281 | D:2      | Found a deep blue altar of Sif Muna.
  1356 | D:2      | Reached XP level 5. HP: 32/33 MP: 5/5
  1383 | D:2      | Noticed Robin
  1390 | D:2      | Killed Robin
  1620 | D:3      | Noticed Natasha
  1628 | D:3      | Killed Natasha
  1652 | D:3      | Noticed Natasha
  1659 | D:3      | Killed Natasha
  1659 | D:3      | Reached skill level 5 in Maces & Flails
  1659 | D:3      | Reached XP level 6. HP: 25/38 MP: 6/6
  1681 | D:3      | Noticed Natasha
  1691 | D:3      | Killed Natasha
  1761 | D:3      | Found a white marble altar of Elyvilon.
  1825 | D:3      | Noticed Jessica
  1831 | D:3      | Killed Jessica
  2028 | D:3      | Noticed Grinder
  2043 | D:3      | Killed Grinder
  2043 | D:3      | Reached *** piety under Trog
  2043 | D:3      | Reached skill level 6 in Maces & Flails
  2043 | D:3      | Reached XP level 7. HP: 44/44 MP: 7/7
  2061 | D:3      | Found a sacrificial altar of Ru.
  2232 | D:4      | Found a basalt altar of Yredelemnul.
  2234 | D:4      | Noticed a profane servitor
  2257 | D:4      | Found a glowing golden altar of the Shining One.
  2259 | D:4      | Noticed an angel
  2341 | D:4      | Noticed pichaelthompson's ghost (novice DsBe)
  2350 | D:4      | Killed pichaelthompson's ghost
  2416 | D:4      | Reached skill level 7 in Maces & Flails
  2416 | D:4      | Reached XP level 8. HP: 48/48 MP: 8/8
  2562 | D:4      | Found a hazy altar of Hepliaklqana.
  2619 | D:5      | Entered Level 5 of the Dungeon
  2838 | D:5      | Reached skill level 1 in Stealth
  2906 | D:5      | Noticed Blork the orc
  2907 | D:5      | Noticed Sigmund
  2912 | D:5      | Reached skill level 5 in Fighting
  2920 | D:5      | Killed Blork the orc
  2928 | D:5      | Killed Sigmund
  2963 | D:5      | Found a blossoming altar of Fedhas.
  2991 | D:5      | Reached skill level 8 in Maces & Flails
  3850 | D:6      | Found a staircase to the Ecumenical Temple.
  3864 | D:6      | Noticed a two-headed ogre
  3887 | D:6      | HP: 2/76 [two-headed ogre/giant club (13)]
  3892 | D:6      | Slain by a two-headed ogre

Skill      XL: |  1  2  3  4  5  6  7  8 |
---------------+-------------------------+-----
Dodging        | 2 3 |  3.9
Maces & Flails | 4 5 6 7 8 |  8.2
Fighting       | 4 5 |  5.7
Armour         | 3 4 |  4.7
Stealth        | 1 |  1.2

Action                   |  1- 3 |  4- 6 |  7- 9 || total
-------------------------+-------+-------+-------++-------
Melee: Mace              |    88 |   144 |   155 ||   387
Invok: Berserk           |       |     2 |     3 ||     5
       Trog's Hand       |       |       |     3 ||     3
  Use: Potion            |       |       |     1 ||     1
  Eat: Chunk             |       |     5 |     9 ||    14
Armor: Animal skin       |    60 |     7 |       ||    67
       Scale mail        |       |    48 |    71 ||   119
       Chain mail        |       |       |    18 ||    18
Dodge: Dodged            |   104 |    72 |    76 ||   252
